 Dungeon Sprint DCSS version 0.21.1-1-g345015f (webtiles) character file.

266 rob the Fighter (level 6, 0/45 HPs)
             Began as a Kobold Chaos Knight on Mar 24, 2018.
             Slain by a porcupine (7 damage)
             ... in the Dungeon (Sprint IX: "|||||||||||||||||||||||||||||").
             The game lasted 00:05:10 (743 turns).

rob the Fighter (Kobold Chaos Knight)                Turns: 743, Time: 00:05:11

Health: 0/45       AC:  5    Str: 12    XL:     6   Next: 44%
Magic:  6/6        EV: 17    Int: 13    God:    Xom [....*.]
Gold:   0          SH:  0    Dex: 14    Spells: 5/5 levels left

rFire    . . .     SeeInvis .   a - +0 hand axe (chaos)
rCold    . . .     Gourm    .   (shield restricted)
rNeg     . . .     Faith    .   b - +2 leather armour
rPois    .         Spirit   .   (no helmet)
rElec    .         Reflect  .   (no cloak)
rCorr    .         Harm     .   (no gloves)
MR       .....     NoTele   +   (no boots)
Stlth    ++........             (no amulet)
HPRegen  0.15/turn              (no ring)
MPRegen  0.10/turn              (no ring)

@: no status effects
A: small, carnivore
a: Renounce Religion


You were in the Dungeon.
You worshipped Xom.
You were a beloved toy of Xom.
You were not hungry.

You visited 1 branch

Inventory:

Hand Weapons
 a - a +0 hand axe of chaos (weapon)
 o - a +2 morningstar of protection
 p - a +4 quarterstaff of speed
 q - a +2 rapier of electrocution
 r - the +2 scimitar of Mastery {vamp, rF+}
   (You found it in the Dungeon)

   It inflicts no extra harm, but heals its wielder when it wounds a living foe.
   It protects you from fire.
 s - a +3 war axe of chopping
 x - a +0 falchion
Armour
 b - a +2 leather armour (worn)
 t - a +0 pair of gloves
 u - a +1 chain mail
Magical Staves
 n - an uncursed staff of energy
Jewellery
 v - a +2 ring of protection
 w - a +3 ring of dexterity
Wands
 m - a wand of iceblast (10)
Scrolls
 i - 2 scrolls of blinking
 k - 3 scrolls of remove curse
 l - 2 scrolls of amnesia
Potions
 d - 5 potions of curing
 e - 3 potions of heal wounds
 f - a potion of haste
 g - 4 potions of magic
 h - a potion of berserk rage
 j - a potion of invisibility
Comestibles
 c - a ration


   Skills:
 + Level 8.9 Fighting
 + Level 7.3 Axes
 + Level 2.5 Armour
 + Level 5.6 Dodging
 + Level 1.3 Stealth


You had 5 spell levels left.
You didn't know any spells.

Dungeon Overview and Level Annotations

Branches:
Dungeon (1/1)

Altars:
Cheibriados
Dithmenos
Elyvilon
Fedhas
Gozag
Hepliaklqana
Kikubaaqudgha
Makhleb
Nemelex Xobeh
Okawaru
Qazlal
Ru
Sif Muna
Trog
Uskayaw
Vehumet
Wu Jian
Xom
Yredelemnul
Zin
The Shining One
Beogh
Jiyva
Lugonu


Innate Abilities, Weirdness & Mutations

You are small and have problems with some larger weapons.
You are carnivorous and can eat meat at any time.


Message History

A sky beast is nearby!
A sky beast is nearby!
A sky beast is nearby!
A sky beast is nearby!
A sky beast is nearby!
A sky beast is nearby!
A sky beast is nearby!
You hit the sky beast.
The sky beast evaporates and reforms as a porcupine!
Your shadow imp gestures at the porcupine.
The porcupine struggles to resist.
The porcupine barely misses you.
You hit the porcupine but do no damage.
The porcupine flickers and vanishes!
Deactivating autopickup; reactivate with Ctrl-A.
Xom thinks this is hilarious!
Your shadow imp closely misses something.
Something bites you!
* * * LOW HITPOINT WARNING * * *
You barely miss something. Something bites you!
You die... "It was about time." ▓▓▓▓▓▓▓▓▓▓▓▓▓▓▓▓▓▓▓▓ __'...)[....(.5{@..+ ▓▓▓▓▓▓▓▓▓▓▓▓▓▓▓▓▓▓▓▓

You could see a friendly shadow imp.

Vanquished Creatures
  An ogre (D)
  A bullfrog (D)
  A scorpion (D)
  An iguana (D)
  A worker ant (D)
  A shadow imp (D)
  2 orcs (D)
  A giant cockroach (D)
  A hobgoblin (D)
  A frilled lizard (D)
  A kobold (D)
  3 rats (D)
15 creatures vanquished.

Notes
Turn   | Place    | Note
-------+----------+-------------------------------------------
     0 | D        | rob the Kobold Chaos Knight began the quest for the Orb.
     0 | D        | Reached XP level 1. HP: 14/14 MP: 1/1
     4 | D        | XOM: potion effect (berserk rage)
    11 | D        | Reached skill level 4 in Fighting
   205 | D        | Noticed a scorpion
   205 | D        | Noticed an ogre
   205 | D        | Noticed a worker ant
   213 | D        | Reached XP level 2. HP: 20/20 MP: 2/2
   213 | D        | XOM: harmless Erth miscast
   218 | D        | Killed a scorpion
   218 | D        | Reached skill level 6 in Fighting
   218 | D        | Reached skill level 1 in Armour
   218 | D        | Reached XP level 3. HP: 11/27 MP: 3/3
   218 | D        | Reached XP level 4. HP: 13/32 MP: 4/4
   223 | D        | XOM: harmless Ice miscast
   224 | D        | Killed an ogre
   224 | D        | Reached skill level 7 in Fighting
   224 | D        | Reached XP level 5. HP: 13/39 MP: 5/5
   225 | D        | Reached skill level 8 in Fighting
   225 | D        | Reached skill level 5 in Dodging
   618 | D        | XOM: cloud trail
   625 | D        | Found a roughly hewn altar of Beogh.
   625 | D        | Found a snail-covered altar of Cheibriados.
   625 | D        | Found a shadowy altar of Dithmenos.
   625 | D        | Found a white marble altar of Elyvilon.
   625 | D        | Found a blossoming altar of Fedhas.
   625 | D        | Found an opulent altar of Gozag.
   626 | D        | Found a hazy altar of Hepliaklqana.
   627 | D        | Found a viscous altar of Jiyva.
   628 | D        | Found an ancient bone altar of Kikubaaqudgha.
   629 | D        | Found a corrupted altar of Lugonu.
   630 | D        | Found a burning altar of Makhleb.
   631 | D        | Found a sparkling altar of Nemelex Xobeh.
   632 | D        | Found an iron altar of Okawaru.
   633 | D        | Found a stormy altar of Qazlal.
   634 | D        | Found a sacrificial altar of Ru.
   635 | D        | Found a deep blue altar of Sif Muna.
   636 | D        | Found a bloodstained altar of Trog.
   637 | D        | Found a hide-covered altar of Uskayaw.
   638 | D        | Found a radiant altar of Vehumet.
   639 | D        | Found an ornate altar of the Wu Jian Council.
   640 | D        | Found a shimmering altar of Xom.
   641 | D        | Found a basalt altar of Yredelemnul.
   642 | D        | Found a glowing silver altar of Zin.
   643 | D        | Found a glowing golden altar of the Shining One.
   661 | D        | Got the +2 scimitar of Mastery {vamp, rF+}
   671 | D        | Noticed a bullfrog
   671 | D        | Noticed a sky beast
   672 | D        | XOM: summons friendly shadow imp
   677 | D        | Killed a bullfrog
   677 | D        | Reached XP level 6. HP: 38/45 MP: 6/6
   694 | D        | Reached skill level 1 in Stealth
   698 | D        | XOM: enchant monster (good)
   723 | D        | XOM: god gift: falchion {god gift}
   741 | D        | Noticed a porcupine
   741 | D        | a sky beast changed into a porcupine
   743 | D        | Slain by a porcupine

Skill      XL: |  1  2  3  4  5  6 |
---------------+-------------------+-----
Fighting       | 4 6 7 8 |  8.9
Axes           | 3 4 6 7 |  7.3
Armour         | 1 2 |  2.5
Dodging        | 3 4 5 |  5.6
Stealth        | 1 |  1.3

Action                   |  1- 3 |  4- 6 || total
-------------------------+-------+-------++-------
Melee: Hand axe          |    22 |    37 ||    59
Armor: Leather armour    |     4 |     6 ||    10
Dodge: Dodged            |     7 |    14 ||    21
